 Dungeon Crawl Stone Soup version 0.30-a0-782-ge64f9170bb (webtiles) character file.

Game seed: 292370735537030179

61 Nedwor the Cutter (level 3, 0/28 HPs)
             Began as a Demonspawn Gladiator on Feb 24, 2023.
             Succumbed to an adder's poison
             ... on level 2 of the Dungeon.
             The game lasted 00:01:32 (1529 turns).

Nedwor the Cutter (Demonspawn Gladiator)            Turns: 1529, Time: 00:01:32

Health: 0/28       AC:  4    Str: 16    XL:     3   Next: 83%
Magic:  3/3        EV: 12    Int:  9    God:
Gold:   85         SH:  0    Dex: 14    Spells: 2/2 levels left

rFire   . . .      SeeInvis .    a - +0 rapier
rCold   . . .      Faith    .    (no shield)
rNeg    . . .      Spirit   .    b - +0 leather armour
rPois   .          Reflect  .    (helmet restricted)
rElec   .          Harm     .    i - +0 cloak
rCorr   .          Rampage  .    (no gloves)
Will    .....                    (no boots)
Stlth   +                        (no amulet)
HPRegen 0.24/turn                (no ring)
MPRegen 0.08/turn                (no ring)

@: lethally poisoned (0 -> -5)
A: antennae 2
a: no special abilities


You were on level 2 of the Dungeon.
You visited 1 branch of the dungeon, and saw 2 of its levels.

You collected 85 gold pieces.

Inventory:

Hand Weapons
 a - a +0 rapier (weapon)
Missiles
 d - 3 throwing nets (quivered)
 e - a javelin
Armour
 b - a +0 leather armour (worn)
 i - a +0 cloak (worn)
Wands
 n - a wand of charming (9)
Scrolls
 c - a scroll of enchant armour {unknown}
 f - a scroll of fear {unknown}
 j - a scroll of acquirement {unknown}
 l - a scroll of amnesia {unknown}
 m - a scroll of identify {unknown}
Potions
 g - a potion of curing {unknown}
 h - a potion of mutation {unknown}
 k - a potion of brilliance {unknown}


   Skills:
 + Level 2.5 Fighting
 * Level 3.4 Short Blades
 - Level 1.7 Throwing
 + Level 1.2 Armour
 + Level 3.0 Dodging


You had 2 spell levels left.
You didn't know any spells.
Your spell library contained the following spells:

 Spells                   Type           Power      Damage    Failure   Level
 Cigotuvi's Dreadful Rot  Necr/Pois/Air  0%         N/A       58%         2
 Dispel Undead            Necr           0%         3d6       99%         4
 Death Channel            Necr           0%         N/A       100%        6


Dungeon Overview and Level Annotations

Branches:
Dungeon (2/15)

Altars:
Okawaru


Innate Abilities, Weirdness & Mutations

You have a pair of antennae on your head.


Message History

The adder is almost dead.
The adder bites you.
You are poisoned.
The adder poisons you! The kobold hits you with a +0 whip.
You barely miss the adder.
The adder is almost dead.
You feel sick. The adder misses you. The adder barely misses you.
The kobold hits you with a +0 whip.
You are too injured to fight recklessly!
You are too injured to fight recklessly!
You are too injured to fight recklessly!
You are too injured to fight recklessly!
You are too injured to fight recklessly!
You are too injured to fight recklessly!
You are too injured to fight recklessly!
You are too injured to fight recklessly!
You are too injured to fight recklessly!
You are too injured to fight recklessly!
You barely miss the adder.
The adder is almost dead.
You feel sick. The adder bites you.
You are more poisoned.
The adder poisons you! The kobold hits you with a +0 whip.
You closely miss the adder.
The adder is almost dead.
* * * LOW HITPOINT WARNING * * *
You feel sick. The adder misses you. The kobold hits you with a +0 whip.
* * * LOW HITPOINT WARNING * * *
You hit the kobold.
The kobold is severely wounded.
* * * LOW HITPOINT WARNING * * *
You feel very sick. The adder barely misses you. The adder closely misses you.
The kobold hits you with a +0 whip.
* * * LOW HITPOINT WARNING * * *
You hit the kobold.
You kill the kobold!
* * * LOW HITPOINT WARNING * * *
You feel sick. The adder closely misses you.
You die...

#.## #...#..#.###..
........##...#..#.###..
......................
..... ................
#.#.####.#.#..#.###.. ..
..........[.........
...# #...##.#....#.###..
.....#...##.#...(#.# ##.
#...@.........#.####.
#...S................
...................####.
..##....................
. #....................
.......#.##......####.
.####...#.##....).####.
....#.##.......)...
............(.#####.


You could see an adder.

Vanquished Creatures
  2 adders (D:2)
  2 dart slugs
  4 bats
  3 endoplasms
  4 giant cockroaches
  3 goblins
  A hobgoblin (D:1)
  3 jackals (D:1)
  A quokka (D:2)
  5 ball pythons
  A frilled lizard (D:1)
  3 kobolds
  6 rats
38 creatures vanquished.

Notes
Turn   | Place    | Note
-------+----------+-------------------------------------------
     0 | D:1      | Nedwor the Demonspawn Gladiator began the quest for the
                  | Orb.
     0 | D:1      | Reached XP level 1. HP: 16/16 MP: 1/1
   448 | D:1      | Discovered your monstrous ancestry.
   448 | D:1      | Gained mutation: You have a pair of small antennae on your
                  | head. [demonic ancestry]
   448 | D:1      | Reached XP level 2. HP: 22/22 MP: 2/2
  1043 | D:1      | Gained mutation: You have a pair of antennae on your head.
                  | [demonic ancestry]
  1043 | D:1      | Reached XP level 3. HP: 28/28 MP: 3/3
  1140 | D:2      | Reached skill level 1 in Armour
  1243 | D:2      | Found an iron altar of Okawaru.
  1407 | D:2      | Found a faded altar of an unknown god.
  1528 | D:2      | HP: 1/28 [poisoned by an adder]
  1529 | D:2      | Succumbed to an adder's poison

Illustrated notes

Levels and vault maps discovered:
D:1:      scummos_arrival_star, layout_basic
D:2:      layout_basic, basic_altar, hellmonk_ecumenical_altar_lost_god

Skill      XL: |  1  2  3 |
---------------+----------+-----
Short Blades   | 3 |  3.4
Armour         | 1 |  1.2
Dodging        | 3 |  3.0
Fighting       | |  2.5
Throwing       | |  1.7

Action                     || total
---------------------------++-------
  Melee: Rapier            ||   142
         Punch             ||     1
   Stab: Sleeping          ||     1
 Armour: Leather armour    ||    49
  Dodge: Dodged            ||   103

Table legend: (Time is in decaauts)
 A = Elapsed time spent in this place.
 B = Non-inter-level travel time spent in this place.
 C = Inter-level travel time spent in this place.
 D = Time resting spent in this place.
 E = Time spent auto-exploring this place.
 F = Levels seen in this place.
 G = Mean time per level.
                   A        B        C        D        E       F      G
               +--------+--------+--------+--------+--------+-----+--------+
         Total |   1535 |   1527 |      8 |      0 |   1227 |   2 |  767.5 |
       Dungeon |   1535 |   1527 |      8 |      0 |   1227 |   2 |  767.5 |
               +--------+--------+--------+--------+--------+-----+--------+

Top non-repeatable levels by time:
     D:1: 1081 daAuts
     D:2: 453 daAuts
